 Dungeon Crawl Stone Soup version 0.29.0-4-gdea44cf6ec (webtiles) character file.

Game seed: 9379152073591419597

34 qw the Chopper (level 3, 0/21 HPs)
             Began as a Tengu Warper on Aug 28, 2022.
             Slain by Terence
             ... wielding a +0 mace
              (4 damage)
             ... on level 2 of the Dungeon.
             The game lasted 00:00:07 (1625 turns).

qw the Chopper (Tengu Warper)                       Turns: 1625, Time: 00:00:07

Health: 0/21       AC:  6    Str: 10 (13) XL:     3   Next: 31%
Magic:  7/7        EV:  8    Int: 13      God:
Gold:   82         SH:  0    Dex: 10 (13) Spells: 6/6 levels left

rFire   . . .      SeeInvis .   Y - +0 hand axe
rCold   . . .      Faith    .   (no shield)
rNeg    . . .      Spirit   .   m - +0 scale mail
rPois   .          Reflect  .   (helmet restricted)
rElec   .          Harm     .   (no cloak)
rCorr   .          Rampage  .   (no gloves)
Will    .....                   (boots unavailable)
Stlth   ..........              (no amulet)
HPRegen 0.07/turn               (no ring)
MPRegen 0.10/turn               (no ring)

@: no status effects
A: beak, talons 3
a: no special abilities


You were on level 2 of the Dungeon.
You visited 1 branch of the dungeon, and saw 2 of its levels.

You collected 82 gold pieces.


Innate Abilities, Weirdness & Mutations

You have a beak for a mouth.
You have claws for feet.


   Skills:
 - Level 2.0 Fighting
 + Level 4.0 Axes
 - Level 1.0 Throwing
 - Level 1.1 Armour
 - Level 2.1 Dodging
 - Level 2.0 Spellcasting
 - Level 2.4 Translocations


You had 6 spell levels left.
You didn't know any spells.
Your spell library contained the following spells:

 Spells                   Type           Power      Damage    Failure   Level
 Blink                    Tloc           14%        N/A       71%         2
 Gell's Gravitas          Tloc           7%         N/A       90%         3
 Lesser Beckoning         Tloc           7%         N/A       90%         3
 Teleport Other           Tloc           7%         N/A       90%         3
 Manifold Assault         Tloc           7%         N/A       100%        5

Inventory:

Hand Weapons
 g - a +0 whip
 Y - a +0 hand axe (weapon)
Armour
 e - a +0 buckler
 m - a +0 scale mail (worn)
Scrolls
 b - a scroll of fear {unknown}
 c - 4 scrolls of identify {unknown}
Potions
 a - a potion of might {unknown}
 d - a potion of magic {unknown}
 h - 2 potions of curing {unknown}
 k - a potion of cancellation {unknown}

Dungeon Overview and Level Annotations

Branches:
Dungeon (2/15)

Altars:

Annotations:
D:2 1 runed translucent door, Crazy Yiuf, Terence


Message History

Enter note: You barely miss the giant cockroach.
Your peck misses the giant cockroach.
The giant cockroach barely misses you. x2
You barely miss the giant cockroach.
The giant cockroach bites you but does no damage.
You hit the giant cockroach.
The giant cockroach is severely wounded.
The giant cockroach bites you but does no damage.
You hit the giant cockroach but do no damage.
You claw the giant cockroach.
You kill the giant cockroach!
c - 4 scrolls labelled VIYQODUBOT (gained 1)
You now have 82 gold pieces (gained 11).
Found 4 stones.
e - a +0 buckler Terence the Incautious comes into view.
He is wielding a +0 mace.
Terence shouts!
You closely miss Terence. Your kick misses Terence.
You peck Terence, but do no damage. Terence hits you with a +0 mace.
You hit Terence. You peck Terence, but do no damage.
Terence is lightly wounded.
Terence hits you with a +0 mace.
You closely miss Terence.
Terence is lightly wounded.
Terence hits you with a +0 mace.
You hit Terence but do no damage. You claw Terence.
Terence is lightly wounded.
Terence hits you with a +0 mace! Terence hits you but does no damage.
You barely miss Terence.
Terence is lightly wounded.
Terence hits you with a +0 mace.
You hit Terence but do no damage. Your kick misses Terence.
You peck Terence, but do no damage.
Terence is lightly wounded.
Terence barely misses you.
You barely miss Terence. Your kick misses Terence. Your peck misses Terence.
Terence is lightly wounded.
Terence hits you with a +0 mace.
You die...

.# .## #.#.. ..##
#.#.. #%.# #.#..
##.## #.#.#
..).##### #.#.#
#.......## #.#.#
##.####..######.#@#
.#..............@.#
.#.######.#####.###
##.# #..####.# #..#
##...##.# ..##
###.##.# ###
#.##.## #.##..##
#..##..# ##..##.#


You could see Terence.

Vanquished Creatures
  An adder (D:2)
  A worm (D:2)
  A dart slug (D:2)
  2 endoplasms (D:1)
  A giant cockroach (D:2)
  2 goblins (D:1)
  A hobgoblin (D:2)
  3 kobolds
  3 quokkas (D:2)
  2 bats (D:2)
  A rat (D:1)
18 creatures vanquished.

Notes
Turn   | Place    | Note
-------+----------+-------------------------------------------
     0 | D:1      | qw the Tengu Warper began the quest for the Orb.
     0 | D:1      | Reached XP level 1. HP: 12/12 MP: 4/4
     0 | D:1      | 0 ||| qw: Version: 0.1-a-89-g26bdef1
     0 | D:1      | 0 ||| qw: Game counter: 2645
     0 | D:1      | 0 ||| qw: Always use a shield: true
     0 | D:1      | 0 ||| qw: God list: Okawaru
     0 | D:1      | 0 ||| qw: Allow faded altars: false
     0 | D:1      | 0 ||| qw: Do Orc after D:15 true
     0 | D:1      | 0 ||| qw: Do second Lair branch before Depths: true
     0 | D:1      | 0 ||| qw: Lair rune preference: random
     0 | D:1      | 0 ||| qw: Plans: Normal
     0 | D:1      | 0 ||| PLANNING D:1-11
   335 | D:1      | Found a faded altar of an unknown god.
   814 | D:1      | Reached skill level 3 in Axes
   814 | D:1      | Reached XP level 2. HP: 17/17 MP: 6/6
   846 | D:1      | 846 ||| UPGRADING to +0 ring mail.
   856 | D:1      | 856 ||| DROPPING +0 leather armour.
   857 | D:1      | 857 ||| UPGRADING to +0 scale mail.
   867 | D:1      | 867 ||| DROPPING +0 ring mail.
   868 | D:1      | 868 ||| READING scroll labelled IFIZIU FEXOMUN.
   869 | D:1      | 869 ||| READING 2 scrolls labelled ENEQOTUSKE.
   970 | D:1      | 970 ||| READING scroll labelled IWEASE RAUGRI.
   971 | D:1      | 971 ||| READING scroll labelled CEAMADOGET.
   972 | D:1      | 972 ||| DRINKING 2 purple potions.
   973 | D:1      | 973 ||| DROPPING scroll of blinking.
   974 | D:1      | 974 ||| DROPPING potion of degeneration.
   975 | D:1      | 975 ||| DROPPING scroll of silence.
  1091 | D:2      | Found a runed translucent door.
  1092 | D:2      | Noticed Crazy Yiuf
  1205 | D:2      | 1205 ||| Stepping ~*~*~tactically~*~*~ (stealth).
  1207 | D:2      | 1207 ||| Stepping ~*~*~tactically~*~*~ (stealth).
  1212 | D:2      | Reached XP level 3. HP: 20/21 MP: 7/7
  1224 | D:2      | HP: 3/21 [quokka (3)]
  1228 | D:2      | Reached skill level 4 in Axes
  1615 | D:2      | Noticed Terence
  1623 | D:2      | HP: 3/21 [Terence/+0 mace (4)]
  1625 | D:2      | Slain by Terence

Levels and vault maps discovered:
D:1:      lightli_arrival_flooded_house, layout_basic,
          nicolae_ecumenical_lake_church
D:2:      layout_basic, minmay_close_crescents, uniq_crazy_yiuf_cottage,
          uniq_terence

Skill      XL: |  1  2  3 |
---------------+----------+-----
Axes           | 3 4 |  4.0
Fighting       | |  2.0
Throwing       | |  1.0
Armour         | |  1.1
Dodging        | |  2.1
Spellcasting   | |  2.0
Translocations | |  2.4

Action                   || total
-------------------------++-------
Melee: Hand axe          ||    49
       Kick              ||    14
       Peck              ||     7
Throw: Boomerang         ||     7
  Use: Scroll            ||     4
       Potion            ||     1
Armor: Leather armour    ||     1
       Scale mail        ||    15
Dodge: Dodged            ||    26

Table legend:
 A = Non-vault XP
 B = Vault XP
 C = Vault XP percentage of total XP
 D = Non-vault monster count
 E = Vault monster count
 F = Vault count percentage of total count
                 A         B        C        D         E       F
            +---------+---------+-------+---------+---------+-------
      Total |      37 |      12 |  24.5 |      13 |       5 |  27.8
            +---------+---------+-------+---------+---------+-------
        D:1 |      11 |       0 |   0.0 |       6 |       0 |   0.0
        D:2 |      26 |      12 |  31.6 |       7 |       5 |  41.7
            +---------+---------+-------+---------+---------+-------
